MLB
ARIZONA DIAMONDBACKS @ MILWAUKEE BREWERS
05/28/2039
 
TOP OF THE 1ST
Arizona Diamondbacks batting - Pitching for Milwaukee Brewers : RHP Bob Nease
Pitching: RHP Bob Nease
Batting: LHB Jose Gomez 0-0: Ball
1-0: Called Strike
1-1: Called Strike
1-2: Ball
2-2: Strikes out swinging
Batting: SHB Willie Negron 0-0: Ball
1-0: Fly out, F4 (Popup, 3D, EV 60.0 MPH)
Batting: SHB Ruben Godinez 0-0: Swinging Strike
0-1: Ball
1-1: Swinging Strike
1-2: Strikes out swinging
Top of the 1st over - 0 runs, 0 hits, 0 errors, 0 left on base; Arizona 0 - Milwaukee 0
BOTTOM OF THE 1ST
Milwaukee Brewers batting - Pitching for Arizona Diamondbacks : LHP Tim Benne
Pitching: LHP Tim Benne
Batting: LHB Nate Wood 0-0: Ball
1-0: Foul Ball, location: 5FF
1-1: Swinging Strike
1-2: Ball
2-2: Ground out 6-3 (Groundball, 6, EV 88.8 MPH)
Batting: RHB Julio Rodriguez 0-0: SINGLE (Line Drive, 34D, EV 95.0 MPH)
Batting: LHB Art Van Winkle 0-0: Ball
1-0: Ball
2-0: Foul Ball, location: 7LSF
2-1: Foul Ball, location: 7LMF
2-2: Foul Ball, location: 2F
2-2: Ball
3-2: Strikes out swinging
Batting: RHB Jim Syfert 0-0: Swinging Strike
0-1: Fly out, F8 (Line Drive, 8LM, EV 84.4 MPH)
Bottom of the 1st over - 0 runs, 1 hit, 0 errors, 1 left on base; Arizona 0 - Milwaukee 0
TOP OF THE 2ND
Arizona Diamondbacks batting - Pitching for Milwaukee Brewers : RHP Bob Nease
Batting: LHB Phil Vigil 0-0: Called Strike
0-1: Ball
1-1: Called Strike
1-2: Ball
2-2: Strikes out swinging
Batting: RHB Steve Herron 0-0: Ball
1-0: Ball
2-0: Called Strike
2-1: Foul Ball, location: 2F
2-2: Ball
3-2: Base on Balls
Batting: RHB Ivan Herrera 0-0: Ball
1-0: Ball
2-0: Ball
3-0: Swinging Strike
3-1: Foul Ball, location: 9LDF
3-2: Strikes out swinging
Batting: RHB Chris Hewins 0-0: Ball
1-0: Fly out, F4 (Popup, 3DF, EV 61.3 MPH)
Top of the 2nd over - 0 runs, 0 hits, 0 errors, 1 left on base; Arizona 0 - Milwaukee 0
BOTTOM OF THE 2ND
Milwaukee Brewers batting - Pitching for Arizona Diamondbacks : LHP Tim Benne
Batting: RHB Cesar Escamilla 0-0: Swinging Strike
0-1: Ball
1-1: Called Strike
1-2: Strikes out swinging
Batting: LHB Ben Crocker 0-0: Ball
1-0: Fly out, F9 (Flyball, 9, EV 81.9 MPH)
Batting: RHB Chris Marko 0-0: Called Strike
0-1: Foul Ball, location: 2F
0-2: Ground out U3 (Groundball, 23, EV 88.1 MPH)
Bottom of the 2nd over - 0 runs, 0 hits, 0 errors, 0 left on base; Arizona 0 - Milwaukee 0
TOP OF THE 3RD
Arizona Diamondbacks batting - Pitching for Milwaukee Brewers : RHP Bob Nease
Batting: RHB Noah Smith 0-0: Ball
1-0: Ground out U3 (Groundball, 3S, EV 76.9 MPH)
Batting: RHB Willie Revilla 0-0: Called Strike
0-1: Foul Ball, location: 3F
0-2: DOUBLE (Flyball, 8LXD, EV 100.6 MPH)
Batting: LHB Jose Gomez 0-0: Foul Ball, location: 23FF
0-1: Ground out U3 (Groundball, 3S, EV 88.1 MPH)
Willie Revilla to third
Batting: SHB Willie Negron 0-0: Called Strike
0-1: Ground out U3 (Groundball, 3, EV 76.9 MPH)
Top of the 3rd over - 0 runs, 1 hit, 0 errors, 1 left on base; Arizona 0 - Milwaukee 0
BOTTOM OF THE 3RD
Milwaukee Brewers batting - Pitching for Arizona Diamondbacks : LHP Tim Benne
Batting: LHB Jorge Harrelson 0-0: Ball
1-0: Ball
2-0: Ball
3-0: Called Strike
3-1: Foul Ball, location: 2F
3-2: Foul Ball, location: 2F
3-2: Strikes out looking
Batting: RHB Antonio Gomez 0-0: Ball
1-0: Swinging Strike
1-1: Ground out 1-3 (Groundball, 13S, EV 73.8 MPH)
Batting: LHB Nate Wood 0-0: Ball
1-0: Ball
2-0: Ball
3-0: Called Strike
3-1: Foul Ball, location: 25F
3-2: Ground out 6-3 (Groundball, 6, EV 106.9 MPH)
Bottom of the 3rd over - 0 runs, 0 hits, 0 errors, 0 left on base; Arizona 0 - Milwaukee 0
TOP OF THE 4TH
Arizona Diamondbacks batting - Pitching for Milwaukee Brewers : RHP Bob Nease
Batting: SHB Ruben Godinez 0-0: Ball
1-0: Ball
2-0: SINGLE (Flyball, 34D, EV 92.5 MPH)
Batting: LHB Phil Vigil 0-0: Called Strike
0-1: Ball
1-1: Ball
2-1: Ball
3-1: Called Strike
3-2: Strikes out looking
Ruben Godinez steals 2nd base
Batter strikes out.
Batting: RHB Steve Herron 0-0: Fly out, F8 (Line Drive, 8RD, EV 90.6 MPH)
Batting: RHB Ivan Herrera 0-0: SINGLE (Line Drive, 78M, EV 89.4 MPH)
Ruben Godinez to third
Runner from 3rd tries for Home, SAFE, throw by LF to home
Batting: RHB Chris Hewins 0-0: Called Strike
0-1: Ball
1-1: Fly out, F3 (Popup, 34S, EV 81.9 MPH)
Top of the 4th over - 1 run, 2 hits, 0 errors, 1 left on base; Arizona 1 - Milwaukee 0
BOTTOM OF THE 4TH
Milwaukee Brewers batting - Pitching for Arizona Diamondbacks : LHP Tim Benne
Batting: RHB Julio Rodriguez 0-0: Ball
1-0: Ball
2-0: Ball
3-0: Fly out, F9 (Flyball, 9, EV 96.9 MPH)
Batting: LHB Art Van Winkle 0-0: Called Strike
0-1: Foul Ball, location: 2F
0-2: Ball
1-2: Ball
2-2: Strikes out swinging
Batting: RHB Jim Syfert 0-0: Called Strike
0-1: Called Strike
0-2: Foul Ball, location: 7LSF
0-2: Strikes out swinging
Bottom of the 4th over - 0 runs, 0 hits, 0 errors, 0 left on base; Arizona 1 - Milwaukee 0
TOP OF THE 5TH
Arizona Diamondbacks batting - Pitching for Milwaukee Brewers : RHP Bob Nease
Batting: RHB Noah Smith 0-0: Ball
1-0: Ball
2-0: Called Strike
2-1: Ball
3-1: Fly out, F9 (Flyball, 89S, EV 93.1 MPH)
Batting: RHB Willie Revilla 0-0: Ball
1-0: Ball
2-0: Called Strike
2-1: Ball
3-1: Foul Ball, location: 9LSF
3-2: Foul Ball, location: 3F
3-2: SINGLE (Line Drive, 6D, EV 94.4 MPH)
Batting: LHB Jose Gomez 0-0: Called Strike
0-1: Foul Ball, location: 7LSF
0-2: Foul Ball, location: 25F
0-2: Strikes out swinging
Batting: SHB Willie Negron 0-0: Ball
1-0: Foul Ball, location: 2F
1-1: Called Strike
1-2: Fly out, F8 (Flyball, 8RM, EV 75.6 MPH)
Top of the 5th over - 0 runs, 1 hit, 0 errors, 1 left on base; Arizona 1 - Milwaukee 0
BOTTOM OF THE 5TH
Milwaukee Brewers batting - Pitching for Arizona Diamondbacks : LHP Tim Benne
Batting: RHB Cesar Escamilla 0-0: Ball
1-0: Swinging Strike
1-1: Fly out, F9 (Flyball, 9, EV 100.0 MPH)
Batting: LHB Ben Crocker 0-0: Ball
1-0: Ball
2-0: Called Strike
2-1: Ground out 6-3 (Groundball, 4, EV 81.3 MPH)
Batting: RHB Chris Marko 0-0: Ground out 6-3 (Groundball, 6, EV 85.0 MPH)
Bottom of the 5th over - 0 runs, 0 hits, 0 errors, 0 left on base; Arizona 1 - Milwaukee 0
TOP OF THE 6TH
Arizona Diamondbacks batting - Pitching for Milwaukee Brewers : RHP Bob Nease
Batting: SHB Ruben Godinez 0-0: Foul Ball, location: 25FF
0-1: Swinging Strike
0-2: Foul Ball, location: 2F
0-2: Foul Ball, location: 3FF
0-2: Ball
1-2: Ball
2-2: Ball
3-2: Fly out, F8 (Flyball, 8LM, EV 86.9 MPH)
Pitching: RHP Juan Lopez
Batting: LHB Phil Vigil 0-0: Ball
1-0: Foul Ball, location: 5DF
1-1: Called Strike
1-2: Strikes out swinging
Batting: RHB Steve Herron 0-0: Called Strike
0-1: Called Strike
0-2: Ball
1-2: Ball
2-2: Ball
3-2: SINGLE (Groundball, 6MD, EV 110.6 MPH)
Batting: RHB Ivan Herrera 0-0: Foul Ball, location: 3F
0-1: Called Strike
0-2: Foul Ball, location: 5SF
0-2: Ground out 4-3 (Groundball, 4, EV 98.1 MPH)
Top of the 6th over - 0 runs, 1 hit, 0 errors, 1 left on base; Arizona 1 - Milwaukee 0
BOTTOM OF THE 6TH
Milwaukee Brewers batting - Pitching for Arizona Diamondbacks : LHP Tim Benne
Batting: LHB Jorge Harrelson 0-0: Foul Ball, location: 9LSF
0-1: Hit by Pitch
Batting: RHB Antonio Gomez 0-0: Ball
Jorge Harrelson steals 2nd base
1-0: SINGLE (Groundball, 2R, EV 73.1 MPH) (infield hit)
Jorge Harrelson to third
Batting: LHB Nate Wood Pickoff Throw to First - Out! 1-3
0-0: Called Strike
0-1: Ball
1-1: Foul Ball, location: 7LDF
1-2: Fly out, F5 (Popup, 25F, EV 91.3 MPH)
Batting: RHB Julio Rodriguez 0-0: Foul Ball, location: 23FF
0-1: Ball
1-1: Swinging Strike
1-2: Ball
2-2: Fly out, F9 (Flyball, 9D, EV 92.5 MPH)
Bottom of the 6th over - 0 runs, 1 hit, 0 errors, 1 left on base; Arizona 1 - Milwaukee 0
TOP OF THE 7TH
Arizona Diamondbacks batting - Pitching for Milwaukee Brewers : RHP Juan Lopez
Batting: RHB Chris Hewins 0-0: Called Strike
0-1: Ball
1-1: Called Strike
1-2: Ball
2-2: Ball
3-2: SINGLE (Line Drive, 9S, EV 96.3 MPH)
Batting: RHB Noah Smith 0-0: Sac Bunt to 15S - play at second, runner OUT! 1-6
Batting: RHB Willie Revilla 0-0: Fly out, F7 (Flyball, 78M, EV 83.8 MPH)
Batting: LHB Jose Gomez 0-0: Called Strike
0-1: Foul Ball, location: 25F
0-2: Strikes out looking
Top of the 7th over - 0 runs, 1 hit, 0 errors, 1 left on base; Arizona 1 - Milwaukee 0
BOTTOM OF THE 7TH
Milwaukee Brewers batting - Pitching for Arizona Diamondbacks : LHP Tim Benne
Batting: LHB Art Van Winkle 0-0: Fly out, F7 (Flyball, 7LD, EV 110.0 MPH)
Batting: RHB Jim Syfert 0-0: Ball
1-0: Foul Ball, location: 3FF
1-1: Called Strike
1-2: Fly out, F8 (Flyball, 89M, EV 86.3 MPH)
Batting: RHB Cesar Escamilla 0-0: Called Strike
0-1: Fly out, F7 (Flyball, 7D, EV 111.9 MPH)
Bottom of the 7th over - 0 runs, 0 hits, 0 errors, 0 left on base; Arizona 1 - Milwaukee 0
TOP OF THE 8TH
Arizona Diamondbacks batting - Pitching for Milwaukee Brewers : RHP Juan Lopez
Pitching: RHP Kylian Pouliquen
Batting: SHB Willie Negron 0-0: Ball
1-0: Swinging Strike
1-1: Swinging Strike
1-2: Strikes out looking
Batting: SHB Ruben Godinez 0-0: Swinging Strike
0-1: Ball
1-1: Ball
2-1: SINGLE (Line Drive, 56, EV 99.4 MPH)
Batting: LHB Phil Vigil 0-0: Swinging Strike
0-1: Foul Ball, location: 25F
0-2: Ball
1-2: Ball
2-2: Foul Ball, location: 2F
2-2: Strikes out swinging
Batting: RHB Steve Herron 0-0: Ball
1-0: Ball
2-0: Ball
3-0: Called Strike
3-1: Base on Balls
Ruben Godinez to second
Batting: RHB Ivan Herrera 0-0: Fielders Choice at 3rd, U5 (Groundball, 5, EV 86.3 MPH)
Top of the 8th over - 0 runs, 1 hit, 0 errors, 1 left on base; Arizona 1 - Milwaukee 0
BOTTOM OF THE 8TH
Milwaukee Brewers batting - Pitching for Arizona Diamondbacks : LHP Tim Benne
Batting: LHB Ben Crocker 0-0: Ball
1-0: Foul Ball, location: 3FF
1-1: Called Strike
1-2: Foul Ball, location: 2LF
1-2: Ball
2-2: Fly out, F7 (Flyball, 7, EV 91.3 MPH)
Batting: RHB Chris Marko 0-0: Ground out 5-3 (Groundball, 5L, EV 88.8 MPH)
Pinch Hitting: SHB Tim Lloyd 0-0: Ball
1-0: Ball
2-0: Fly out, F8 (Flyball, 8RM, EV 92.5 MPH)
Bottom of the 8th over - 0 runs, 0 hits, 0 errors, 0 left on base; Arizona 1 - Milwaukee 0
TOP OF THE 9TH
Arizona Diamondbacks batting - Pitching for Milwaukee Brewers : RHP Kylian Pouliquen
Now in CF: Tim Lloyd
Batting: RHB Chris Hewins 0-0: Ball
1-0: Ground out 5-3 (Groundball, 5L, EV 88.1 MPH)
Batting: RHB Noah Smith 0-0: Called Strike
0-1: Ball
1-1: Foul Ball, location: 2F
1-2: Ball
2-2: Ball
3-2: Ground out 5-3 (Groundball, 56S, EV 81.9 MPH)
Batting: RHB Willie Revilla 0-0: Foul Ball, location: 3SF
0-1: Swinging Strike
0-2: Ball
1-2: Hit by Pitch
Pitching: RHP Ryan Ameen
Batting: LHB Jose Gomez 0-0: Called Strike
0-1: Called Strike
0-2: Ball
1-2: Ground out 4-3 (Groundball, 34S, EV 82.5 MPH)
Top of the 9th over - 0 runs, 0 hits, 0 errors, 1 left on base; Arizona 1 - Milwaukee 0
BOTTOM OF THE 9TH
Milwaukee Brewers batting - Pitching for Arizona Diamondbacks : LHP Tim Benne
Pitching: RHP Gannon Drier
Pinch Hitting: LHB Rogelio Ramires 0-0: Ball
1-0: Called Strike
1-1: Foul Ball, location: 3F
1-2: Ball
2-2: Ball
3-2: TRIPLE (Flyball, 89XD, EV 93.1 MPH)
Batting: LHB Nate Wood 0-0: Ball
1-0: Foul Ball, location: 2F
1-1: Called Strike
1-2: Foul Ball, location: 2F
1-2: Foul Ball, location: 2F
1-2: Foul Ball, location: 2F
1-2: Foul Ball, location: 7LDF
1-2: Foul Ball, location: 5DF
1-2: Strikes out swinging
Batting: RHB Julio Rodriguez 0-0: Ball
1-0: Fielders Choice at home, 6-2 (Groundball, 6, EV 86.9 MPH)
Batting: LHB Art Van Winkle 0-0: Called Strike
0-1: Swinging Strike
0-2: Foul Ball, location: 2F
0-2: Ball
1-2: Ground out 4-3 (Groundball, 4, EV 105.0 MPH)
Bottom of the 9th over - 0 runs, 1 hit, 0 errors, 1 left on base; Arizona 1 - Milwaukee 0
Tuesday, April 9th , 2024 - OOTP Baseball 24.11 Build 85